 Dungeon Crawl Stone Soup version 0.31.0-32-g396128a36d (webtiles) character file.

Game seed: 14052980254750146522

515 TheLiturgist the Changeling (level 7, -2/52 HPs)
             Began as a Demonspawn Shapeshifter on Mar 30, 2024.
             Was an Initiate of Gozag.
             Slain by a yak (7 damage)
             ... on level 5 of the Dungeon.
             The game lasted 00:05:47 (4096 turns).

TheLiturgist the Changeling (DsSh)                  Turns: 4096, Time: 00:05:47

Health: -2/52      AC:  5    Str: 14    XL:     7   Next: 0%
Magic:  7/7        EV: 10    Int: 12    God:    Gozag
Gold:   221        SH:  0    Dex: 13    Spells: 6/6 levels left

rFire   . . .        t - +4 dagger
rCold   . . .        (no shield)
rNeg    . . .        z - +0 ring mail
rPois   .            (helmet currently unavailable)
rElec   .            (cloak currently unavailable)
rCorr   .            (gloves currently unavailable)
SInv    .            (boots currently unavailable)
Will    .....        (no amulet)
Stlth   +            (no ring)
HPRegen 0.28/turn    (no ring)
MPRegen 0.10/turn

%: no passive effects
@: beast-form
A: beast (slay +3), hooves 2, demonic guardian 2
a: Begin Untransformation, Renounce Religion, Potion Petition, Call Merchant,
Bribe Branch


You were on level 5 of the Dungeon.
You worshipped Gozag.
Gozag was aware of your devotion.
You were a hulking beast.
You visited 1 branch of the dungeon, and saw 5 of its levels.

You collected 270 gold pieces.
You paid 49 gold pieces to Gozag.


Innate Abilities, Weirdness & Mutations

You are a hulking beast.
Your limbs bulge with bestial killing power. (Slay +3)
You have hoof-like feet.
A demonic guardian rushes to your aid.


   Skills:
 + Level 3.4 Fighting
 - Level 1.7 Dodging
 - Level 3.0 Unarmed Combat
 - Level 6.0 Shapeshifting


You had 6 spell levels left.
You didn't know any spells.
Your spell library contained the following spells:

 Spells                   Type           Power      Damage    Failure   Level
 Slow                     Hex            0%         N/A       56%         1
 Confusing Touch          Hex            0%         N/A       90%         3
 Sigil of Binding         Hex            0%         N/A       90%         3
 Vampiric Draining        Necr           0%         2d6       90%         3

Inventory:

Hand Weapons
 h - a +0 dagger of venom
 t - a +4 dagger (weapon)
Armour
 a - a +0 animal skin
 z - a +0 ring mail (worn)
Jewellery
 u - an amulet of reflection
 P - a ring of poison resistance
Talismans
 c - a beast talisman
 d - a flux talisman
 A - a serpent talisman
Wands
 w - a wand of charming (3)
 y - a wand of iceblast (9)
Scrolls
 e - a scroll of fear {unknown}
 f - 2 scrolls of enchant armour {unknown}
 g - 2 scrolls of amnesia {unknown}
 k - 3 scrolls of noise {unknown}
 m - 2 scrolls of identify {unknown}
 n - a scroll of immolation {unknown}
 p - a scroll of poison {unknown}
 q - a scroll of blinking {unknown}
 s - 3 scrolls of teleportation {unknown}
Potions
 b - a potion of lignification
 i - a potion of heal wounds {@q2}
 j - a potion of berserk rage {unknown}
 l - a potion of resistance {unknown}
 o - 5 potions of curing {unknown}
 r - a potion of enlightenment {unknown}
 v - a potion of invisibility {unknown}
 x - a potion of degeneration {unknown}

Dungeon Overview and Level Annotations

Branches:
Dungeon (5/15)
 Temple: D:4-7

Altars:
Gozag
Nemelex Xobeh
Qazlal
Ru
Sif Muna
Wu Jian

#........<...#.##.#########
#............#.##.#
.#............#.##.#
.#.############.##.# .#Y#
##....###### .#.#
#########.....##...# .#.#
#...##.............##
.#.###......####.P..PP...#
....##....### #hPP[.P...##
....##....# #YPP..PP...#
Y...##....# ##Y.P..PP...#
....##....# #Y4.PP..PP..#
(...##....# ##....PP..P..#
....##....####...⚑.PP..P..#
....$..............PP..P..#
....##.Y.########.PP..PP..#
:...##...# #..PP..P..##


You could see 3 yaks and a friendly ice devil (summoned).


Message History

You are too injured to fight recklessly!
You are too injured to fight recklessly!
You are too injured to fight recklessly!
You are too injured to fight recklessly!
You are too injured to fight recklessly!
You are too injured to fight recklessly!
You are too injured to fight recklessly!
You are too injured to fight recklessly!
You are too injured to fight recklessly!
You are too injured to fight recklessly!
You are too injured to fight recklessly!
Unknown command.
You completely miss the yak.
The yak is moderately wounded.
The yak attacks as it pursues you! The yak gores you.
* * * LOW HITPOINT WARNING * * *
The yak attacks as it pursues you! The yak gores you!
* * * LOW HITPOINT WARNING * * *
A demonic guardian appears!
Unknown command.
The yak attacks as it pursues you! The yak gores you.
* * * LOW HITPOINT WARNING * * *
Your ice devil barely misses the yak.
Unknown command.
Aiming: Charm
Press: ? - help, Shift-Dir - straight line, f - yak
Aim: a yak (moderately wounded, ally target, chance to affect: 49%)
The yak resists with some effort.
The yak gores you!
You die...
Your body crumbles into a pile of gold.

Skill      XL: |  1  2  3  4  5  6 |
---------------+-------------------+-----
Fighting       | 2 3 |  3.4
Shapeshifting  | 3 5 6 |  6.0
Unarmed Combat | 3 |  3.0
Dodging        | |  1.7

Action                     |  1- 3 |  4- 6 |  7- 9 || total
---------------------------+-------+-------+-------++-------
  Melee: Unarmed           |    11 |       |       ||    11
         Dagger            |    70 |   111 |     5 ||   186
         Kick              |    21 |    31 |     2 ||    54
         Punch             |       |     2 |       ||     2
  Evoke: Wand              |       |       |     1 ||     1
    Use: Potion            |       |     1 |       ||     1
   Stab: Sleeping          |       |     1 |       ||     1
         Distracted        |       |     1 |       ||     1
 Armour: Animal skin       |    36 |    47 |       ||    83
         Ring mail         |       |     3 |     7 ||    10
  Dodge: Dodged            |    59 |    71 |     1 ||   131

Levels and vault maps discovered:
D:1:      dpeg_arrival_short_road, layout_basic, serial_curves, eino_curves_03,
          eino_curves_03, eino_curves_04, eino_curves_03, minmay_tromino_i2
D:2:      layout_loops_ring, shapermc_ecumenical_altar_ellora
D:3:      layout_rooms, mainiacjoe_overflow_tiny_flanked, serial_shops,
          nicolae_shop_tiny_real_fake_doors, uniq_grinder, uniq_terence,
          uniq_jessica
D:4:      layout_loops_ring, nicolae_gozag_seed_capital,
          mainiacjoe_overflow_catwalk, nicolae_ru_path_of_blood
D:5:      layout_basic, mainiacjoe_overflow_catch_the_wave

Notes
Turn   | Place    | Note
-------+----------+-------------------------------------------
     0 | D:1      | TheLiturgist the Demonspawn Shapeshifter began the quest
                  | for the Orb.
     0 | D:1      | Reached XP level 1. HP: 15/15 MP: 1/1
   138 | D:1      | Reached skill level 2 in Fighting
   140 | D:1      | Gained mutation: You have large cloven feet. [demonic
                  | ancestry]
   140 | D:1      | Reached XP level 2. HP: 5/22 MP: 2/2
   435 | D:1      | Reached skill level 3 in Fighting
   478 | D:1      | Gained mutation: A weak demonic guardian rushes to your
                  | aid. [demonic ancestry]
   478 | D:1      | Reached XP level 3. HP: 29/29 MP: 3/3
   887 | D:2      | Reached skill level 3 in Shapeshifting
  1030 | D:2      | Reached XP level 4. HP: 31/35 MP: 4/4
  1293 | D:2      | Found a faded altar of an unknown god.
  1699 | D:3      | Found Deogyhad's Weapon Emporium.
  1724 | D:3      | Found an ornate altar of the Wu Jian Council.
  1813 | D:3      | Noticed Grinder
  1813 | D:3      | Noticed Terence
  1834 | D:3      | Killed Terence
  1835 | D:3      | Reached skill level 4 in Shapeshifting
  1840 | D:3      | HP: 1/35 [Grinder (3)]
  1847 | D:3      | Killed Grinder
  1848 | D:3      | Reached skill level 5 in Shapeshifting
  1848 | D:3      | Reached XP level 5. HP: 18/41 MP: 5/5
  1848 | D:3      | Gained mutation: You have hoof-like feet. [demonic
                  | ancestry]
  1848 | D:3      | Reached XP level 6. HP: 21/47 MP: 6/6
  2193 | D:3      | Noticed Jessica
  2201 | D:3      | Killed Jessica
  2639 | D:4      | Found an opulent altar of Gozag.
  2657 | D:4      | Became a worshipper of Gozag Ym Sagoz the Greedy
  2950 | D:4      | Found a sparkling altar of Nemelex Xobeh.
  3136 | D:4      | Reached skill level 6 in Shapeshifting
  3240 | D:4      | Found a sacrificial altar of Ru.
  3357 | D:5      | Entered Level 5 of the Dungeon
  3780 | D:5      | Reached skill level 3 in Unarmed Combat
  3810 | D:5      | Noticed a yak
  3810 | D:5      | Noticed a yak
  3988 | D:5      | Gained mutation: A demonic guardian rushes to your aid.
                  | [demonic ancestry]
  3988 | D:5      | Reached XP level 7. HP: 49/52 MP: 7/7
  4019 | D:5      | Found a shimmering blue altar of Sif Muna.
  4035 | D:5      | Found a stormy altar of Qazlal.
  4070 | D:5      | Noticed a yak
  4070 | D:5      | Noticed a yak
  4094 | D:5      | HP: 5/52 [yak (5)]
  4096 | D:5      | Slain by a yak

Vanquished Creatures
  Grinder (D:3)
  2 orc priests
  Jessica (D:3)
  An iguana (D:5)
  4 adders
  4 dart slugs
  2 ribbon worms
  16 orcs
  4 endoplasms
  4 giant cockroaches
  7 goblins
  5 hobgoblins
  8 jackals
  8 kobolds
  2 quokkas (D:1)
  7 ball pythons
  5 bats
  3 frilled lizards
84 creatures vanquished.

Vanquished Creatures (collateral kills)
  A jelly (D:4)
  Terence (D:3)
  A jackal (D:4)
3 creatures vanquished.

Grand Total: 87 creatures vanquished

Table legend: (Time is in decaauts)
 A = Elapsed time spent in this place.
 B = Non-inter-level travel time spent in this place.
 C = Inter-level travel time spent in this place.
 D = Time resting spent in this place.
 E = Time spent auto-exploring this place.
 F = Levels seen in this place.
 G = Mean time per level.
                   A        B        C        D        E       F      G
               +--------+--------+--------+--------+--------+-----+--------+
         Total |   4094 |   3912 |    182 |    727 |   2552 |   5 |  818.8 |
       Dungeon |   4094 |   3912 |    182 |    727 |   2552 |   5 |  818.8 |
               +--------+--------+--------+--------+--------+-----+--------+

Top non-repeatable levels by time:
     D:4: 1009 daAuts
     D:1: 864 daAuts
     D:2: 813 daAuts
     D:3: 801 daAuts
     D:5: 604 daAuts

Table legend:
 A = Non-vault XP
 B = Vault XP
 C = Vault XP percentage of total XP
 D = Non-vault monster count
 E = Vault monster count
 F = Vault count percentage of total count
                 A         B        C        D         E       F
            +---------+---------+-------+---------+---------+-------
      Total |     376 |     360 |  48.9 |      82 |       5 |   5.7
            +---------+---------+-------+---------+---------+-------
        D:1 |      52 |       6 |  10.3 |      27 |       2 |   6.9
        D:2 |      54 |       0 |   0.0 |      16 |       0 |   0.0
        D:3 |      35 |     354 |  91.0 |      10 |       3 |  23.1
        D:4 |     145 |       0 |   0.0 |      23 |       0 |   0.0
        D:5 |      90 |       0 |   0.0 |       6 |       0 |   0.0
            +---------+---------+-------+---------+---------+-------
